 Dungeon Crawl Stone Soup version 0.29.0-10-g45618ea6d2 (webtiles) character file.

Game seed: 144073679976644296

100 Zeldest the Shield-Bearer (level 5, -1/42 HPs)
             Began as a Formicid Fighter on Sept 2, 2022.
             Slain by Grinder (3 damage)
             ... on level 3 of the Dungeon.
             The game lasted 00:01:11 (2087 turns).

Zeldest the Shield-Bearer (Formicid Fighter)        Turns: 2087, Time: 00:01:12

Health: -1/42      AC:  7    Str: 22    XL:     5   Next: 3%
Magic:  5/5        EV:  9    Int:  8    God:
Gold:   141        SH:  5    Dex: 13    Spells: 4/4 levels left

rFire   . . .      SeeInvis +   a - +0 war axe
rCold   . . .      Faith    .   c - +0 buckler
rNeg    . . .      Spirit   .   b - +0 scale mail
rPois   .          Reflect  .   (helmet unavailable)
rElec   .          Harm     .   (no cloak)
rCorr   .          Rampage  .   (no gloves)
Will    .....                   (no boots)
Stlth   ..........              (no amulet)
HPRegen 0.14/turn               (no ring)
MPRegen 0.09/turn               (no ring)

@: no status effects
A: permanent stasis, dig shafts and tunnels, antennae 3, four strong arms
a: Dig, Shaft Self


You were on level 3 of the Dungeon.
You visited 1 branch of the dungeon, and saw 3 of its levels.

You collected 141 gold pieces.

Inventory:

Hand Weapons
 a - a +0 war axe (weapon)
Armour
 b - a +0 scale mail (worn)
 c - a +0 buckler (worn)
Jewellery
 m - a +6 ring of intelligence
 t - the macabre finger necklace {rN+}
   (You found it on level 2 of the Dungeon)

   [amulet of nothing]

   It enables you to equip an extra ring.
   rN:        It protects you from negative energy.
Scrolls
 f - a scroll of vulnerability {unknown}
 g - 3 scrolls of identify {unknown}
 i - 2 scrolls of immolation {unknown}
 k - a scroll of blinking {unknown}
 l - a scroll of teleportation {unknown}
 n - a scroll of enchant weapon {unknown}
 o - a scroll of fear {unknown}
 p - a scroll of noise {unknown}
 q - a scroll of acquirement {unknown}
 s - a scroll of enchant armour {unknown}
Potions
 d - a potion of might
 e - a potion of degeneration {unknown}
 h - a potion of haste {unknown}
 j - a potion of mutation {unknown}
 r - a potion of flight {unknown}


   Skills:
 + Level 3.9 Fighting
 * Level 3.3 Axes
 + Level 3.9 Armour
 + Level 4.7 Shields


You had 4 spell levels left.
You didn't know any spells.
Your spell library was empty.

Dungeon Overview and Level Annotations

Branches:
Dungeon (3/15)

Altars:

Annotations:
D:3 Grinder


Innate Abilities, Weirdness & Mutations

You cannot be hasted, slowed, berserked, paralysed or teleported.
You can dig through walls and to a lower floor.
You have a pair of large antennae on your head. (SInv)
Your four strong arms can wield two-handed weapons with a shield.


Message History

You barely miss Grinder.
Grinder is moderately wounded.
Grinder drinks a potion.
Grinder seems to grow stronger.
Grinder is nearby!
You hit Grinder but do no damage.
Grinder is moderately wounded.
Grinder hits you!
You writhe in agony.
Grinder gestures at you. You resist with significant effort.
Grinder is nearby!
You are too injured to fight recklessly!
Grinder is nearby!
You are too injured to fight recklessly!
You are too injured to fight recklessly!
You hit Grinder.
Grinder is moderately wounded.
Grinder completely misses you.
You barely miss Grinder.
Grinder is moderately wounded.
Grinder gestures at you. You resist with significant effort.
You hit Grinder.
Grinder is heavily wounded.
Grinder barely misses you. Grinder hits you!
You hit Grinder.
Grinder is heavily wounded.
Grinder hits you.
* * * LOW HITPOINT WARNING * * *
Okay, then.
Okay, then.
You completely miss Grinder.
Grinder is heavily wounded.
Grinder says, "There's only one good use for a tongue: cutting it out."
Grinder closely misses you.
You hit Grinder.
Grinder is severely wounded.
Grinder barely misses you. Grinder hits you!
* * * LOW HITPOINT WARNING * * *
You writhe in agony.
You die...

. ..##.# .
#.##.#
.####.##.#####
.#...........#
.#.##.##.###.#
.#.##.##.# #.#
####
......##.# #.#
... .........#
#>####5#
.#.#.#####
#....@.#
.#...#
######.#
......# ...
......# .....
.###..# .##..#
. ...# .# >...
. #.# .. ...
.# #. .#


You could see Grinder (strong).

Vanquished Creatures
  Natasha (D:2)
  Robin (D:2)
  An adder (D:2)
  A dart slug (D:2)
  4 ball pythons
  7 bats
  4 endoplasms
  A giant cockroach (D:1)
  8 goblins
  7 hobgoblins
  2 quokkas (D:2)
  4 frilled lizards
  5 kobolds
  4 rats
50 creatures vanquished.

Notes
Turn   | Place    | Note
-------+----------+-------------------------------------------
     0 | D:1      | Zeldest the Formicid Fighter began the quest for the Orb.
     0 | D:1      | Reached XP level 1. HP: 18/18 MP: 1/1
    50 | D:1      | Reached XP level 2. HP: 21/24 MP: 2/2
   382 | D:1      | Reached XP level 3. HP: 27/29 MP: 3/3
   610 | D:2      | Found a faded altar of an unknown god.
   726 | D:2      | Found the macabre finger necklace {rN+}
  1527 | D:2      | Reached XP level 4. HP: 36/37 MP: 4/4
  1608 | D:2      | Noticed Robin
  1613 | D:2      | Killed Robin
  1785 | D:2      | Noticed Natasha
  1795 | D:2      | Killed Natasha
  1796 | D:2      | Reached XP level 5. HP: 12/42 MP: 5/5
  2078 | D:3      | Noticed Grinder
  2087 | D:3      | HP: 2/42 [Grinder (8)]
  2087 | D:3      | Slain by Grinder

Illustrated notes

Levels and vault maps discovered:
D:1:      elethiomel_arrival_fortress_basement, layout_rooms
D:2:      layout_basic, shapermc_ecumenical_altar_petra, uniq_robin,
          uniq_natasha
D:3:      layout_loops_cross, nicolae_vehumet_altar_sigil, uniq_grinder

Skill      XL: |  1  2  3  4 |
---------------+-------------+-----
Axes           | 3 |  3.3
Fighting       | |  3.9
Armour         | |  3.9
Shields        | |  4.7

Action                   |  1- 3 |  4- 6 || total
-------------------------+-------+-------++-------
Melee: War axe           |   123 |    38 ||   161
Armor: Scale mail        |    79 |     5 ||    84
Dodge: Dodged            |    65 |    10 ||    75
Block: Buckler           |    36 |    10 ||    46
